 Dungeon Crawl Stone Soup version 0.25.1-8-g42b30a86e7 (webtiles) character file.

Game seed: 10913406434402511051

42 gruber the Chiller (level 3, -7/24 HPs)
             Began as a Demonspawn Ice Elementalist on Dec 21, 2020.
             Asphyxiated
             ... on level 3 of the Dungeon.
             The game lasted 00:01:49 (2038 turns).

gruber the Chiller (Demonspawn Ice Elementalist)    Turns: 2038, Time: 00:01:50

Health: -7/24      AC:  5    Str:  8    XL:     3   Next: 35%
Magic:  6/6        EV: 12    Int: 17    God:
Gold:   158        SH:  0    Dex: 13    Spells: 5/6 levels left

rFire    . . .     SeeInvis .   f - +0 short sword
rCold    . . .     Gourm    .   (no shield)
rNeg     . . .     Faith    .   a - +0 robe
rPois    .         Spirit   .   (no helmet)
rElec    .         Reflect  .   (no cloak)
rCorr    .         Harm     .   g - +0 pair of gloves
MR       .....                  (no boots)
Stlth    ++........             (no amulet)
HPRegen  0.08/turn              (no ring)
MPRegen  0.10/turn              (no ring)

@: lethally poisoned (-7 -> -36), slowed, very slow
A: iridescent scales 1
a: no special abilities


You were on level 3 of the Dungeon.
You were hungry.

You visited 1 branch of the dungeon, and saw 3 of its levels.

You collected 158 gold pieces.

Inventory:

Hand Weapons
 f - a +0 short sword (weapon)
Armour
 a - a +0 robe (worn)
 g - a +0 pair of gloves (worn)
Scrolls
 b - 2 scrolls of teleportation {unknown}
 d - 2 scrolls of fog {unknown}
 h - 2 scrolls of identify {unknown}
 m - a scroll of magic mapping {unknown}
Potions
 e - a potion of curing {unknown}
 j - a potion of mutation {unknown}
 k - a potion of magic {unknown}
 l - a potion of invisibility {unknown}
Comestibles
 c - 2 rations


   Skills:
 - Level 1.7 Dodging
 - Level 1.7 Stealth
 - Level 2.0 Spellcasting
 + Level 4.7 Ice Magic


You had 5 spell levels left.
You knew the following spells:

 Your Spells              Type           Power        Failure   Level  Hunger
a - Freeze                Ice            ###.         2%          1    #......

Your spell library contained the following spells:

 Spells                   Type           Power        Failure   Level  Hunger
 Frozen Ramparts          Ice            ###...       9%          3    ###....
 Ozocubu's Armour         Chrm/Ice       #.......     22%         3    ###....
 Hailstorm                Conj/Ice       #.......     58%         4    #####..
 Summon Ice Beast         Ice/Summ       #.......     58%         4    #####..


Dungeon Overview and Level Annotations

Branches:
Dungeon (3/15)

Altars:
Elyvilon
Nemelex Xobeh
Yredelemnul


Innate Abilities, Weirdness & Mutations

You are partially covered in iridescent scales. (AC +2)


Message History

The curare-tipped dart barely misses you.
A kobold is nearby!
You are too injured to fight recklessly!
A kobold is nearby!
You are too injured to fight recklessly!
You are too injured to fight recklessly!
You are too injured to fight recklessly!
The kobold throws a curare-tipped dart.
The curare-tipped dart misses you.
The kobold throws a curare-tipped dart.
The curare-tipped dart hits you.
You are lethally poisoned!
You have difficulty breathing.
* * * LOW HITPOINT WARNING * * *
You feel as though you will be slow longer.
You see here a curare-tipped dart.
* * * LOW HITPOINT WARNING * * *
You feel very sick.
The kobold throws a curare-tipped dart.
The curare-tipped dart hits you.
You are more poisoned.
You have difficulty breathing.
You die...

##. .. .....# .##
##.#..######...
..............
#.##...##...##
#†#?.........#
##..†..........
#..((..........
#.#...(@.......
#.##......K....
####.###........##
#....# ######.###
#....# ..# #....#
.# #....# .
#....#### ..
#....<..#


You could see a kobold.

Vanquished Creatures
  A worm (D:2)
  A dart slug (D:2)
  A leopard gecko (D:2)
  2 bats
  3 giant cockroaches (D:1)
  4 goblins
  4 hobgoblins
  4 jackals (D:2)
  6 kobolds
  A ball python (D:2)
  4 frilled lizards
  3 rats
34 creatures vanquished.

Notes
Turn   | Place    | Note
-------+----------+-------------------------------------------
     0 | D:1      | gruber the Demonspawn Ice Elementalist began the quest for
                  | the Orb.
     0 | D:1      | Reached XP level 1. HP: 13/13 MP: 3/3
   327 | D:1      | Reached skill level 4 in Ice Magic
   395 | D:1      | Gained mutation: You are partially covered in iridescent
                  | scales. (AC +2) [demonic ancestry]
   395 | D:1      | Reached XP level 2. HP: 19/19 MP: 0/5
  1405 | D:2      | Found a sparkling altar of Nemelex Xobeh.
  1492 | D:2      | Reached XP level 3. HP: 24/24 MP: 0/6
  1607 | D:2      | Found a white marble altar of Elyvilon.
  1712 | D:2      | Found a basalt altar of Yredelemnul.
  2038 | D:3      | Asphyxiated

Illustrated notes

Levels and vault maps discovered:
D:1:      dpeg_arrival_rooms_c, layout_loops_ring, chequers_avenue
D:2:      layout_rooms, nicolae_overflow_crystal_walls, lemuel_round_altar,
          nemelex_altar_shiori
D:3:      layout_rooms, old_standard_altar, old_standard_altar,
          chequers_ecumenical_altar_island

Skill      XL: |  1 |
---------------+----+-----
Ice Magic      | 4 |  4.7
Dodging        | |  1.7
Stealth        | |  1.7
Spellcasting   | |  2.0

Action                   || total
-------------------------++-------
Melee: Unarmed           ||     4
       Short sword       ||    43
 Cast: Freeze            ||    40
 Stab: Sleeping          ||     3
  Eat: Ration            ||     1
Armor: Robe              ||    17
Dodge: Dodged            ||    46
